 Dungeon Crawl Stone Soup version 0.29-a0-1047-g7c58e119a4 (webtiles) character file.

Game seed: 6758728095351120651

97 Pooter the Shooter (level 4, -2/38 HPs)
             Began as a Minotaur Hunter on Aug 17, 2022.
             Killed by divine providence
             ... invoked by an orc priest
              (16 damage)
             ... on level 3 of the Dungeon.
             The game lasted 00:11:24 (2197 turns).

Pooter the Shooter (Minotaur Hunter)                Turns: 2197, Time: 00:11:24

Health: -2/38      AC:  8    Str: 18    XL:     4   Next: 42%
Magic:  3/3        EV:  7    Int:  6    God:
Gold:   152        SH:  0    Dex: 13    Spells: 3/3 levels left

rFire   . . .      SeeInvis .   a - +0 trident
rCold   . . .      Faith    .   (no shield)
rNeg    . . .      Spirit   .   l - +0 chain mail
rPois   .          Reflect  .   (helmet restricted)
rElec   .          Harm     .   (no cloak)
rCorr   .          Rampage  .   (no gloves)
Will    .....                   (no boots)
Stlth   ..........              p - amulet of magic regeneration
HPRegen 0.12/turn               (no ring)
MPRegen 0.48/turn               (no ring)

@: no status effects
A: horns 2, retaliatory headbutt
a: no special abilities


You were on level 3 of the Dungeon.
You visited 1 branch of the dungeon, and saw 3 of its levels.

You collected 152 gold pieces.

Inventory:

Hand Weapons
 a - a +0 trident (weapon)
   (You found it on level 1 of the Dungeon)
 b - a +0 shortbow of chaos
 g - a +0 sling
   (You found it on level 1 of the Dungeon)
 j - a +0 dagger
   (You found it on level 1 of the Dungeon)
Missiles
 Q - 29 stones (quivered)
Armour
 l - a +0 chain mail (worn)
   (You found it on level 1 of the Dungeon)
Jewellery
 p - an amulet of magic regeneration (around neck)
   (You found it on level 3 of the Dungeon)
Scrolls
 e - 3 scrolls of teleportation {unknown}
 f - a scroll of noise {!r}
 h - a scroll of immolation {!r}
 o - a scroll of magic mapping {unknown}
Potions
 c - a potion of mutation {unknown}
 d - a potion of might {unknown}
 i - a potion of curing {unknown}
 k - a potion of attraction {unknown}
 m - a potion of heal wounds {unknown}
 n - 2 potions of berserk rage {unknown}


   Skills:
 + Level 3.3 Fighting
 + Level 1.8 Polearms
 * Level 5.3 Ranged Weapons
 - Level 2.1 Dodging
 + Level 1.7 Stealth


You had 3 spell levels left.
You didn't know any spells.
Your spell library contained the following spells:

 Spells                   Type           Power      Damage    Failure   Level
 Portal Projectile        Hex/Tloc       0%         N/A       100%        3
 Tukima's Dance           Hex            0%         N/A       100%        3
 Blade Hands              Tmut           0%         N/A       100%        5


Dungeon Overview and Level Annotations

Branches:
Dungeon (3/15)

Altars:

Annotations:
D:3 2 runed translucent doors, Zeldest's ghost, amateur MeVM


Innate Abilities, Weirdness & Mutations

You have a pair of horns on your head.
You reflexively headbutt those who attack you in melee.


Message History

You now have 152 gold pieces (gained 16).
Found a dented malachite amulet.
You pick up a book of Weapons and begin reading...
You add the spells Tukima's Dance, Portal Projectile and Blade Hands to your library.
n - 2 yellow potions (gained 1)
p - an amulet of magic regeneration You start putting on your amulet.
You continue putting on your amulet of magic regeneration. x5
You finish putting on your amulet of magic regeneration.
p - an amulet of magic regeneration (around neck)
Found 25 gold pieces.
Here: Zeldest's ghost (fire blocked by a translucent stone wall)
The floor.
A rat comes into view.
The rat moves out of view.
You puncture the rat!
You kill the rat! 2 orc priests come into view.
The orc priest shouts! x2
The orc priest calls down the wrath of Beogh upon you.
Beogh smites you!
The orc priest mumbles some strange prayers to Beogh against you.
You barely resist.
An orc comes into view. It is wielding a +0 club.
Your +0 shortbow of chaos is briefly surrounded by a scintillating aura of random colours.
b - a +0 shortbow of chaos (weapon)
The orc shouts!
You shoot an arrow.
The arrow closely misses the orc priest.
The orc priest invokes the aid of Beogh against you.
Beogh smites you!
* * * LOW HITPOINT WARNING * * *
You are too injured to fight recklessly!
Fire: b) +0 shortbow (chaos)
Aim: an orc priest, wielding a +0 short sword (60% to hit)
You shoot an arrow.
The arrow closely misses the orc priest.
The arrow hits the orc priest.
The orc priest seems to speed up.
You hear a shout!
The orc priest hits you but does no damage.
A kobold comes into view.
It is wielding a +0 club and quivering poisoned darts.
a - a +0 trident (weapon)
You hit the orc priest.
The orc priest calls down the wrath of Beogh upon you.
Pain shoots through your body!
* * * LOW HITPOINT WARNING * * *
You closely miss the orc priest.
The orc priest calls down the wrath of Beogh upon you.
Beogh smites you!
You die...

.## ## ### #.. .
#....#.##.
.........o.
#######
#.##.#.#K#
......#
#......#o#
#####.#
#..#...#o# #.#
#..###.#@# #.#
#........#
#.###.......##
#........#####.#
#####..#.......#
##########.#


You could see 2 orc priests, an orc and a kobold.

Vanquished Creatures
  3 adders (D:2)
  3 dart slugs (D:2)
  2 ball pythons (D:1)
  7 bats
  6 endoplasms
  5 goblins
  7 hobgoblins
  12 jackals
  6 frilled lizards
  4 kobolds
  3 rats
58 creatures vanquished.

Notes
Turn   | Place    | Note
-------+----------+-------------------------------------------
     0 | D:1      | Pooter the Minotaur Hunter began the quest for the Orb.
     0 | D:1      | Reached XP level 1. HP: 18/18 MP: 0/0
    98 | D:1      | Found a faded altar of an unknown god.
   188 | D:1      | Reached skill level 1 in Stealth
   233 | D:1      | Reached XP level 2. HP: 25/25 MP: 1/1
   748 | D:1      | Reached skill level 1 in Polearms
   891 | D:2      | Reached XP level 3. HP: 30/30 MP: 2/2
   940 | D:2      | Reached skill level 5 in Ranged Weapons
  1284 | D:2      | Reached XP level 4. HP: 38/38 MP: 3/3
  2137 | D:3      | Found a large runed translucent door.
  2137 | D:3      | Found a large runed translucent door.
  2139 | D:3      | Noticed Zeldest's ghost (amateur MeVM)
  2197 | D:3      | Killed from afar by an orc priest

Illustrated notes

Levels and vault maps discovered:
D:1:      co_arrival_square_in_a_square_in_a_square, layout_loops_ring,
          hellmonk_ecumenical_altar_zigzags, hangedman_decor_opposing
D:2:      kennysheep_six_static_rooms, layout_basic, minmay_heptomino_d4
D:3:      layout_basic, lemuel_tele_altar, ebering_ghost_disaster_area,
          chequers_serial_rivers_room_b, hangedman_decor_lopped

Skill      XL: |  1  2  3 |
---------------+----------+-----
Stealth        | 1 |  1.7
Polearms       | 1 |  1.8
Fighting       | 3 |  3.3
Ranged Weapons | 5 |  5.3
Dodging        | |  2.1

Action                   |  1- 3 |  4- 6 || total
-------------------------+-------+-------++-------
Melee: Dagger            |     9 |       ||     9
       Trident           |    31 |     6 ||    37
       Headbutt          |     6 |       ||     6
       Punch             |     1 |       ||     1
 Fire: Shortbow          |    60 |    40 ||   100
  Use: Scroll            |     3 |       ||     3
Armor: Leather armour    |     8 |       ||     8
       Chain mail        |    29 |    15 ||    44
Dodge: Dodged            |    42 |     9 ||    51

Table legend: (Time is in decaauts)
 A = Elapsed time spent in this place.
 B = Non-inter-level travel time spent in this place.
 C = Inter-level travel time spent in this place.
 D = Time resting spent in this place.
 E = Time spent auto-exploring this place.
 F = Levels seen in this place.
 G = Mean time per level.
                   A        B        C        D        E       F      G
               +--------+--------+--------+--------+--------+-----+--------+
         Total |   2248 |   2209 |     39 |    450 |   1368 |   3 |  749.3 |
       Dungeon |   2248 |   2209 |     39 |    450 |   1368 |   3 |  749.3 |
               +--------+--------+--------+--------+--------+-----+--------+

Top non-repeatable levels by time:
     D:2: 1191 daAuts
     D:1: 884 daAuts
     D:3: 172 daAuts
